 Dungeon Crawl Stone Soup version 0.31-a0-702-gf82c85558f (webtiles) character file.

Game seed: 4983004121202340302

42 Ofeo the Covered (level 3, -4/24 HPs)
             Began as a Demonspawn Wanderer on Sept 8, 2023.
             Slain by Sigmund
             ... wielding a +0 scythe
              (8 damage)
             ... on level 2 of the Dungeon.
             The game lasted 00:01:57 (1315 turns).

Ofeo the Covered (Demonspawn Wanderer)              Turns: 1315, Time: 00:01:58

Health: -4/24      AC:  6    Str: 14    XL:     3   Next: 35%
Magic:  5/5        EV: 10    Int: 14    God:
Gold:   119        SH:  0    Dex: 11    Spells: 4/5 levels left

rFire   + . .        a - +0 club
rCold   + + .        (no shield)
rNeg    . . .        g - +0 ring mail {rC+}
rPois   .            (helmet restricted)
rElec   .            j - scarf {rC+ rF+}
rCorr   .            (no gloves)
SInv    .            (no boots)
Will    .....        (no amulet)
Stlth   +            (no ring)
HPRegen 0.24/turn    (no ring)
MPRegen 0.09/turn

%: no passive effects
@: no status effects
A: antennae 1, hooves 1
a: no special abilities


You were on level 2 of the Dungeon.
You visited 1 branch of the dungeon, and saw 2 of its levels.

You collected 119 gold pieces.

Inventory:

Hand Weapons
 a - a +0 club (weapon)
Armour
 b - a +0 scale mail
 g - a +0 ring mail of cold resistance (worn)
 j - a scarf of resistance (worn)
Wands
 d - a wand of acid (3) {@v2}
Scrolls
 c - a scroll of fog
 f - 3 scrolls of teleportation {@r3}
 h - a scroll of immolation {unknown}
 i - a scroll of poison
Potions
 e - a potion of cancellation {unknown}
 k - a potion of might {unknown}
 l - 2 potions of curing {unknown}


   Skills:
 + Level 4.7 Armour
 + Level 1.5 Dodging
 + Level 1.5 Spellcasting
 + Level 1.5 Earth Magic
 + Level 2.4 Evocations


You had 4 spell levels left.
You knew the following spells:

 Your Spells              Type           Power      Damage    Failure   Level
a - Sandblast             Erth           10%        2d5       26%         1

Your spell library contained the following spells:

 Spells                   Type           Power      Damage    Failure   Level
 Stone Arrow              Conj/Erth      6%         3d7       71%         3


Dungeon Overview and Level Annotations

Branches:
Dungeon (2/15)

Altars:

Annotations:
D:2 Sigmund


Innate Abilities, Weirdness & Mutations

You have a pair of small antennae on your head.
You have large cloven feet.


Message History

Health restored: 24
There are monsters nearby!
There are monsters nearby!
There is an open door here.
There are monsters nearby!
You hit the frilled lizard.
You kill the frilled lizard!
Sigmund hits you but does no damage.
You see here a frilled lizard corpse.
You barely miss Sigmund. You kick Sigmund.
Sigmund is lightly wounded.
Sigmund says, "Look into my eyes."
Sigmund hits you with a +0 scythe!
You take 9 damage, and have 15/24 hp.
MASSIVE DAMAGE!!
You hit Sigmund. You kick Sigmund, but do no damage. Your punch misses Sigmund.
Sigmund is moderately wounded.
Sigmund says, "Your kind have come here before.
I understand now why.
You desire death..."
Sigmund closely misses you.
You barely miss Sigmund.
Sigmund is moderately wounded.
Sigmund closely misses you.
You hit Sigmund.
Sigmund is moderately wounded.
Sigmund hits you with a +0 scythe!
You take 7 damage, and have 8/24 hp.
MASSIVE DAMAGE!!
You hit Sigmund but do no damage. Your kick misses Sigmund.
Sigmund is moderately wounded.
Sigmund barely misses you.
You closely miss Sigmund.
Sigmund is moderately wounded.
You barely miss Sigmund.
Sigmund is moderately wounded.
Sigmund hits you with a +0 scythe.
* * * LOW HITPOINT WARNING * * *
You take 5 damage, and have 3/24 hp.
MASSIVE DAMAGE!!
You hit Sigmund but do no damage.
Sigmund is moderately wounded.
Sigmund hits you with a +0 scythe!
You die...
Sigmund begins carving another notch in his scythe.

#..............#
......####.....#
......#
#.....#########
......#
#.....#........
......#
#.....#........
).....#
##.####........
......# #.#
#........
......#
#.####.......#
......#
#....'@@.....#
......#
######.......#
......#
#.......#
......#
#.......#
......#
#........
#.#####
#........ #.#
#......[. #.#
####?#.#. #.###


You could see Sigmund.

Vanquished Creatures
  10 bats
  4 endoplasms
  3 goblins
  3 hobgoblins (D:2)
  5 jackals (D:1)
  4 kobolds
  3 ball pythons
  A frilled lizard (D:2)
  4 rats
37 creatures vanquished.

Notes
Turn   | Place    | Note
-------+----------+-------------------------------------------
     0 | D:1      | Ofeo the Demonspawn Wanderer began the quest for the Orb.
     0 | D:1      | Ofeo set off with the following items: a +0 club, a +0
                  | scale mail, a scroll of fog, a wand of acid (3) {@v2}; and
                  | the following spell memorised: Sandblast; and the following
                  | spells available to memorise: Stone Arrow.
     0 | D:1      | Reached XP level 1. HP: 13/13 MP: 2/2
   275 | D:1      | Discovered your monstrous ancestry.
   275 | D:1      | Gained mutation: You have a pair of small antennae on your
                  | head. [demonic ancestry]
   275 | D:1      | Reached XP level 2. HP: 19/19 MP: 0/3
   839 | D:1      | Upgraded the game from 0.31-a0-700-gf13585253f to
                  | 0.31-a0-702-gf82c85558f
   894 | D:2      | Found a faded altar of an unknown god.
   901 | D:2      | Gained mutation: You have large cloven feet. [demonic
                  | ancestry]
   901 | D:2      | Reached XP level 3. HP: 22/24 MP: 5/5
  1304 | D:2      | Noticed Sigmund
  1315 | D:2      | Slain by Sigmund

Illustrated notes

Levels and vault maps discovered:
D:1:      lemuel_arrival_funnel, layout_basic
D:2:      layout_basic, shapermc_ecumenical_altar_mp_ritualfount,
          grunt_ministairs_7, minmay_distorted, uniq_sigmund

Action                     || total
---------------------------++-------
  Melee: Club              ||   137
         Punch             ||     2
         Kick              ||    13
   Cast: Sandblast         ||     8
    Use: Scroll            ||     2
 Armour: Ring mail         ||   116
         Scale mail        ||     9
  Dodge: Dodged            ||   113

Table legend: (Time is in decaauts)
 A = Elapsed time spent in this place.
 B = Non-inter-level travel time spent in this place.
 C = Inter-level travel time spent in this place.
 D = Time resting spent in this place.
 E = Time spent auto-exploring this place.
 F = Levels seen in this place.
 G = Mean time per level.
                   A        B        C        D        E       F      G
               +--------+--------+--------+--------+--------+-----+--------+
         Total |   1359 |   1330 |     29 |      0 |   1003 |   2 |  679.5 |
       Dungeon |   1359 |   1330 |     29 |      0 |   1003 |   2 |  679.5 |
               +--------+--------+--------+--------+--------+-----+--------+

Top non-repeatable levels by time:
     D:1: 870 daAuts
     D:2: 488 daAuts
